Construct Weapon Support Center
Selects Airborne Battlegroup
Selects Heavy Machine Gun Paradrop
Heavy Machine Gun Paradrop
Heavy Machine Gun Paradrop
Heavy Machine Gun Paradrop
Mechanized Support Center
Selects Paratrooper Squad Paradrop
Paratrooper Squad Paradrop
M3 Armored Personnel Carrier
Paratrooper Squad Paradrop
M4(105) Sherman Bulldozer
Selects Anti-tank Gun Team Paradrop
Anti-tank Gun Team Paradrop
Designate Forward Repair Station
M18 Hellcat Tank Destroyer
M3 Armored Personnel Carrier
Selects Dual P-47 Rocket Strike
M18 Hellcat Tank Destroyer
M4(105) Sherman Bulldozer
Designate Forward Repair Station
M18 Hellcat Tank Destroyer
Designate Forward Repair Station
M18 Hellcat Tank Destroyer